 Dungeon Crawl Stone Soup version 0.31-a0-986-g5e6e4ef867 (console) character file.

Game seed: 2307208103596691969

939 jejorda2 the Chopper (level 8, -3/100 HPs)
             Began as a Gnoll Berserker on Nov 8, 2023.
             Was a Priest of Trog.
             Engulfed by a cloud of flame (8 damage)
             ... on level 4 of the Dungeon.
             The game lasted 00:14:04 (4240 turns).

jejorda2 the Chopper (Gnoll Berserker)              Turns: 4240, Time: 00:14:04

Health: -3/100     AC: 12    Str: 19    XL:     8   Next: 12%
Magic:  12/12      EV: 10    Int:  6    God:    Trog [***...]
Gold:   266        SH:  0    Dex: 12    Spells: 13/13 levels left

rFire   . . .        b - +5 spear
rCold   . . .        (no shield)
rNeg    . . .        c - +1 chain mail
rPois   .            q - +0 helmet
rElec   .            (no cloak)
rCorr   +            (no gloves)
SInv    .            (no boots)
Will    .....        (no amulet) Stlth
                     f - ring of resist corrosion
HPRegen 0.36/turn    (no ring)
MPRegen 0.13/turn

%: no passive effects
@: berserking (expiring), very quick
A: fangs 1, strong nose, distributed training
a: Renounce Religion, Berserk, Trog's Hand


You were on level 4 of the Dungeon.
You worshipped Trog.
Trog was most pleased with you.
You visited 1 branch of the dungeon, and saw 4 of its levels.
You also visited: Sewer.

You collected 266 gold pieces.

Inventory:

Hand Weapons
 a - a +0 hand axe
 b - a +5 spear (weapon)
 j - a +3 flail of protection
Missiles
 e - 33 poisoned darts (quivered)
Armour
 c - a +1 chain mail (worn)
 q - a +0 helmet (worn)
Jewellery
 f - a ring of resist corrosion (left hand)
Wands
 p - a wand of mindburst (22)
Scrolls
 i - 2 scrolls of identify
 n - a scroll of revelation {unknown}
 r - a scroll of immolation {unknown}
Potions
 d - 2 potions of haste {unknown}
 g - 4 potions of heal wounds
 h - a potion of might {unknown}
 k - a potion of magic {unknown}
 l - a potion of cancellation {unknown}
 m - 3 potions of brilliance {unknown}
 o - 2 potions of resistance


   Skills:
 + Level 7.2 Fighting
 + Level 3.0 Short Blades
 + Level 3.0 Long Blades
 + Level 7.2 Axes
 + Level 3.0 Maces & Flails
 + Level 3.0 Polearms
 + Level 3.0 Staves
 + Level 3.0 Ranged Weapons
 + Level 3.0 Throwing
 + Level 5.5 Armour
 + Level 5.5 Dodging
 + Level 3.0 Stealth
 + Level 3.0 Shields
 + Level 3.0 Unarmed Combat
 + Level 3.0 Spellcasting
 + Level 2.4 Conjurations
 + Level 2.4 Hexes
 + Level 2.4 Summonings
 + Level 2.4 Necromancy
 + Level 2.4 Translocations
 + Level 2.4 Transmutations
 + Level 2.4 Fire Magic
 + Level 2.4 Ice Magic
 + Level 2.4 Air Magic
 + Level 2.4 Earth Magic
 + Level 2.4 Poison Magic
 + Level 3.3 Invocations
 + Level 3.0 Evocations
 + Level 2.7 Shapeshifting


You had 13 spell levels left.
You didn't know any spells.
Your spell library was empty.

Dungeon Overview and Level Annotations

Branches:
Dungeon (4/15)              Sewer (visited)
 Temple: D:4-7

Altars:
Gozag
Uskayaw

Annotations:
D:4 1 transporter


Innate Abilities, Weirdness & Mutations

You have very sharp teeth.
Your uncanny sense of smell can sniff out nearby items.
Your experience applies equally to all skills.


Message History

You are engulfed in blazing flames.
* * * LOW HITPOINT WARNING * * *
The fire bat bites you but does no damage.
You puncture the fire bat! Your punch misses the fire bat.
The fire bat is heavily wounded.
The fire bat barely misses you. The fire bat closely misses you.
Reach: b) +5 spear
Press: ? - help, Dir - move target, f - fire bat
Aim: a fire bat (flame, almost dead, about 42% to evade your +5 spear)
You reach to attack!
You hit the fire bat.
You kill the fire bat!
Trog accepts your kill. The fire bat barely misses you.
Your Short Blades skill increases to level 3!
Your Long Blades skill increases to level 3!
Your Maces & Flails skill increases to level 3!
Your Polearms skill increases to level 3!
Your Staves skill increases to level 3!
Your Ranged Weapons skill increases to level 3!
Your Throwing skill increases to level 3!
Your Stealth skill increases to level 3!
Your Shields skill increases to level 3!
Your Unarmed Combat skill increases to level 3!
Your Spellcasting skill increases to level 3!
Your Evocations skill increases to level 3!
You have reached level 8!
You feel stronger.
Unknown command.
Unknown command.
Unknown command.
You closely miss the fire bat. Your bite misses the fire bat.
The fire bat is heavily wounded.
You are engulfed in blazing flames.
* * * LOW HITPOINT WARNING * * *
The fire bat bites you but does no damage.
Unknown command.
Unknown command.
Unknown command.
You are engulfed in blazing flames.
You die...

##..>....## ##....#.#####.......
#.........# #........# #.......
#.........# ##.©.##...###########
#.........###########............
#.........#○☼°$©$○○°#.##########.
#.........#☼°○$)$°°☼#.## #.
##....[..##°○°...○.○#..# #.
#.........#○°°°°°○○°#..# #.
#.........#☼☼☼○○@b°°#..### #.
#.........####°○°####....### #.
#.........##○....○○###.....# #.
#.........##○☼#.#☼○# ##....# #.
##.......###°°...°☼# #....### #.
#......## #○☼#©#..# ##.....###.
#.####.# #°.°°○.○# #..##..##. #.#
#.####..☼°°☼.# #......... #.#
#....##############.####...


You could see a fire bat.

Vanquished Creatures
  A fire bat (D:4)
  Edmund (D:4)
  A black bear (D:3)
  4 kobold brigands (Sewer)
  2 orc priests (D:4)
  2 iguanas
  Ijyb (D:4)
  Robin (D:4)
  5 adders
  A river rat (Sewer)
  3 worms (Sewer)
  5 dart slugs
  2 orcs (D:4)
  6 bats
  13 endoplasms
  5 giant cockroaches
  10 goblins
  14 hobgoblins
  3 jackals (D:2)
  A quokka (D:4)
  10 ball pythons
  5 frilled lizards
  15 kobolds
  10 rats
121 creatures vanquished.

Notes
Turn   | Place    | Note
-------+----------+-------------------------------------------
     0 | D:1      | jejorda2 the Gnoll Berserker began the quest for the Orb.
     0 | D:1      | Reached XP level 1. HP: 23/23 MP: 1/1
    96 | D:1      | Reached XP level 2. HP: 28/29 MP: 2/2
   366 | D:1      | Reached XP level 3. HP: 35/35 MP: 3/3
   433 | D:1      | Reached ** piety under Trog
   805 | D:2      | Identified the "Nanys"
   919 | D:2      | Reached skill level 1 in Invocations
   935 | D:2      | Found a faded altar of an unknown god.
  1098 | D:2      | Reached skill level 1 in Short Blades
  1098 | D:2      | Reached skill level 1 in Long Blades
  1098 | D:2      | Reached skill level 1 in Maces & Flails
  1098 | D:2      | Reached skill level 1 in Polearms
  1098 | D:2      | Reached skill level 1 in Staves
  1098 | D:2      | Reached skill level 1 in Ranged Weapons
  1098 | D:2      | Reached skill level 1 in Throwing
  1098 | D:2      | Reached skill level 1 in Stealth
  1098 | D:2      | Reached skill level 1 in Shields
  1098 | D:2      | Reached skill level 1 in Unarmed Combat
  1098 | D:2      | Reached skill level 1 in Spellcasting
  1098 | D:2      | Reached skill level 1 in Evocations
  1203 | D:2      | Reached skill level 1 in Shapeshifting
  1203 | D:2      | Reached XP level 4. HP: 41/41 MP: 5/5
  1823 | D:3      | Reached skill level 1 in Conjurations
  1823 | D:3      | Reached skill level 1 in Hexes
  1823 | D:3      | Reached skill level 1 in Summonings
  1823 | D:3      | Reached skill level 1 in Necromancy
  1823 | D:3      | Reached skill level 1 in Translocations
  1823 | D:3      | Reached skill level 1 in Transmutations
  1823 | D:3      | Reached skill level 1 in Fire Magic
  1823 | D:3      | Reached skill level 1 in Ice Magic
  1823 | D:3      | Reached skill level 1 in Air Magic
  1823 | D:3      | Reached skill level 1 in Earth Magic
  1823 | D:3      | Reached skill level 1 in Poison Magic
  2109 | D:3      | Found a hide-covered altar of Uskayaw.
  2115 | D:3      | Reached XP level 5. HP: 37/47 MP: 6/6
  2282 | D:3      | Noticed a black bear
  2296 | D:3      | Killed a black bear
  2493 | D:4      | Noticed Ijyb
  2493 | D:4      | Noticed Robin
  2507 | D:4      | Killed Ijyb
  2508 | D:4      | Reached XP level 6. HP: 53/53 MP: 8/8
  2511 | D:4      | Killed Robin
  2525 | D:4      | Reached *** piety under Trog
  2588 | D:4      | Reached skill level 5 in Armour
  2588 | D:4      | Reached skill level 5 in Dodging
  2644 | D:4      | Found an opulent altar of Gozag.
  2697 | D:4      | Noticed Edmund
  2714 | D:4      | Killed Edmund
  2715 | D:4      | Reached XP level 7. HP: 51/60 MP: 10/10
  2726 | D:4      | Found a transporter.
  2851 | D:4      | Found a glowing drain.
  2855 | Sewer    | Entered a sewer
  4193 | D:4      | Found a transporter.
  4193 | D:4      | Noticed a fire bat
  4193 | D:4      | Noticed a fire bat
  4238 | D:4      | Killed a fire bat
  4239 | D:4      | Reached XP level 8. HP: 17/67 MP: 12/12
  4239 | D:4      | HP: 4/100 [something (13)]
  4240 | D:4      | Engulfed by a cloud of flame

Illustrated notes

Levels and vault maps discovered:
D:1:      scummos_arrival_forest, layout_loops_ring, chequers_decorated_corner
D:2:      layout_loops_corners, hellmonk_ecumenical_altar_heavens_door
D:3:      layout_loops_ring, eat_drink_and_be_merry_uskayaw,
          kennysheep_generic_room_16
D:4:      gammafunk_cloud_chamber, layout_rooms, lemuel_tele_altar,
          gup_sewer_entry_bowl, kennysheep_orc_chapel, uniq_robin, uniq_ijyb,
          uniq_edmund

Skill      XL: |  1  2  3  4  5  6  7 |
---------------+----------------------+-----
Invocations    | 1 2 3 |  3.3
Short Blades   | 1 2 3 |  3.0
Long Blades    | 1 2 3 |  3.0
Maces & Flails | 1 2 3 |  3.0
Polearms       | 1 2 3 |  3.0
Staves         | 1 2 3 |  3.0
Ranged Weapons | 1 2 3 |  3.0
Throwing       | 1 2 3 |  3.0
Stealth        | 1 2 3 |  3.0
Shields        | 1 2 3 |  3.0
Unarmed Combat | 1 2 3 |  3.0
Spellcasting   | 1 2 3 |  3.0
Evocations     | 1 2 3 |  3.0
Shapeshifting  | 1 2 |  2.7
Conjurations   | 1 2 |  2.4
Hexes          | 1 2 |  2.4
Summonings     | 1 2 |  2.4
Necromancy     | 1 2 |  2.4
Translocations | 1 2 |  2.4
Transmutations | 1 2 |  2.4
Fire Magic     | 1 2 |  2.4
Ice Magic      | 1 2 |  2.4
Air Magic      | 1 2 |  2.4
Earth Magic    | 1 2 |  2.4
Poison Magic   | 1 2 |  2.4
Armour         | 5 |  5.5
Dodging        | 5 |  5.5
Fighting       | 7 |  7.2
Axes           | 7 |  7.2

Action                     |  1- 3 |  4- 6 |  7- 9 || total
---------------------------+-------+-------+-------++-------
  Melee: Hand axe          |    89 |    47 |       ||   136
         Bite              |     6 |    17 |    12 ||    35
         Punch             |     1 |     1 |     2 ||     4
         Spear             |       |    77 |   155 ||   232
 Invoke: Berserk           |     1 |     3 |     3 ||     7
         Trog's Hand       |       |     3 |     1 ||     4
    Use: Scroll            |       |     3 |       ||     3
 Armour: Chain mail        |    63 |    63 |    84 ||   210
  Dodge: Dodged            |    30 |    55 |    44 ||   129

Table legend: (Time is in decaauts)
 A = Elapsed time spent in this place.
 B = Non-inter-level travel time spent in this place.
 C = Inter-level travel time spent in this place.
 D = Time resting spent in this place.
 E = Time spent auto-exploring this place.
 F = Levels seen in this place.
 G = Mean time per level.
                   A        B        C        D        E       F      G
               +--------+--------+--------+--------+--------+-----+--------+
         Total |   4425 |   4216 |    209 |    338 |   2919 |   5 |  885.0 |
       Dungeon |   3209 |   3000 |    209 |     94 |   2210 |   4 |  802.2 |
         Sewer |   1216 |   1216 |      0 |    244 |    708 |   1 | 1216.0 |
               +--------+--------+--------+--------+--------+-----+--------+

Top non-repeatable levels by time:
   Sewer: 1216 daAuts
     D:2: 953 daAuts
     D:1: 803 daAuts
     D:3: 748 daAuts
     D:4: 704 daAuts
